 Dungeon Crawl Stone Soup version 0.18.1-50-g88ac8fd (webtiles) character file.

61 Drunkenshrew the Skirmisher (level 3, -3/33 HPs)
             Began as a Draconian Monk on Sept 27, 2016.
             Slain by a gnoll
             ... wielding a +0 spear
              (9 damage)
             ... on level 3 of the Dungeon.
             The game lasted 00:04:03 (1367 turns).

Drunkenshrew the Skirmisher (Draconian Monk)        Turns: 1367, Time: 00:04:04

Health: -3/33      AC:  5    Str: 13    XL:     3   Next: 83%
Magic:  3/3        EV: 13    Int: 11    God:
Gold:   161        SH:  3    Dex: 13    Spells: 0 memorised, 2 levels left

rFire  . . .     SeeInvis .       - Unarmed
rCold  . . .     Gourm    .     (armour unavailable)
rNeg   . . .     Faith    .     (no shield)
rPois  .         Spirit   .     (helmet restricted)
rElec  .         Dismiss  .     (no cloak)
rCorr  .         Reflect  +     (no gloves)
SustAt +         Harm     .     (no boots)
MR     .....                    k - +3 amulet of reflection
Stlth  ++........               (no ring)
                                f - ring of sustain attributes

@: about to teleport, not resistant to hostile enchantments, unstealthy
A: unfitting armour, cold-blooded, AC +5
a: no special abilities


You were on level 3 of the Dungeon.
You were not hungry.

You visited 1 branch of the dungeon, and saw 3 of its levels.

You collected 161 gold pieces.

Inventory:

Armour
 h - a +0 shield
Jewellery
 f - a ring of sustain attributes (left hand)
 k - a +3 amulet of reflection (around neck)
Scrolls
 j - a scroll of enchant weapon
 m - a scroll of random uselessness
 n - 3 scrolls of fear {unknown}
 p - a scroll of identify {unknown}
Potions
 c - 4 potions of lignification {unknown}
 e - 2 potions of flight {unknown}
 g - a potion of heal wounds {unknown}
Comestibles
 a - 3 bread rations
 d - 2 slices of pizza
 i - a meat ration
 o - a fruit


   Skills:
 + Level 4.1 Fighting
 - Level 3.0 Dodging
 - Level 3.0 Stealth
 - Level 4.0 Unarmed Combat


You had 2 spell levels left.
You didn't know any spells.

Dungeon Overview and Level Annotations

Branches:
Dungeon (3/15)

Altars:


Innate Abilities, Weirdness & Mutations

Your plain brown scales are hard (AC +5).
Your body does not fit into most forms of armour.
You are cold-blooded and may be slowed by cold attacks.


Message History

The gnoll closely misses you.
The gnoll hits you from afar with a spear.
Read which item? (? for menu, Esc to quit)
As you read the scroll labeled PYBUXI UHEO, it crumbles to dust.
It is a scroll of enchant weapon.
You aren't carrying any weapons that can be enchanted.
The orc misses you. The gnoll closely misses you.
Read which item? (? for menu, Esc to quit)
As you read the scroll labeled ZEG NYUSOJYNLO, it crumbles to dust.
You feel strangely unstable.
It was a scroll of teleportation.
The orc hits you with a war axe.
* * * LOW HITPOINT WARNING * * *
The gnoll hits you from afar with a spear.
* * * LOW HITPOINT WARNING * * *
Read which item? (? for menu, Esc to quit)
As you read the scroll labeled ROOQAH BEMAT, it crumbles to dust.
You hear the tinkle of a tiny bell.
It was a scroll of random uselessness.
The gnoll hits you from afar with a spear!
You die...

#.##.# #
##########..#.## s#
#..............####.#
#..............$.....
#.........§..........
#.bb.bb..............
#.b..bb.....§§.......
#.b.@og..)†§§§.# #.#
.####################§.#
... .........g####
#§§##.# ......)..g...#
#§§§..# ..........##.##
#...###
........###.gg####
#.#..# .######.#
#...#.<# ...#..# #.#
#..gg.##.####..## #..
#.##..##.#####..#


You could see a gnoll and an orc.

Vanquished Creatures
  2 gnolls (D:3)
  A worm (D:2)
  3 giant geckos
  2 giant cockroaches (D:2)
  4 goblins
  4 hobgoblins
  6 jackals
  3 kobolds
  4 bats
  2 giant newts
  3 rats
34 creatures vanquished.

Notes
Turn   | Place    | Note
--------------------------------------------------------------
     0 | D:1      | Drunkenshrew the Draconian Monk began the quest for the Orb.
     0 | D:1      | Reached XP level 1. HP: 19/19 MP: 1/1
     2 | D:1      | Noticed a felid
     2 | D:1      | Noticed an octopode
     4 | D:1      | Noticed a naga
     4 | D:1      | Noticed a human
     6 | D:1      | Noticed a draconian
     6 | D:1      | Noticed a minotaur
     8 | D:1      | Noticed a dwarf
     8 | D:1      | Noticed a spriggan
    10 | D:1      | Noticed a centaur
    12 | D:1      | Noticed a demigod
    12 | D:1      | Noticed a vampire
    14 | D:1      | Noticed a gargoyle
    16 | D:1      | Noticed a vine stalker
    16 | D:1      | Noticed a ghoul
    18 | D:1      | Noticed a merfolk
    18 | D:1      | Noticed a demonspawn
    20 | D:1      | Noticed a halfling
    22 | D:1      | Noticed a troll
    22 | D:1      | Noticed a tengu
    25 | D:1      | Noticed a formicid
    25 | D:1      | Noticed an elf
    27 | D:1      | Noticed an ogre
   414 | D:1      | Reached XP level 2. HP: 26/26 MP: 2/2
   930 | D:2      | Reached XP level 3. HP: 28/31 MP: 3/3
  1367 | D:3      | Slain by a gnoll

Skill      XL: |  1  2  3 |
---------------+----------+-----
Dodging        | 3 |  3.0
Stealth        | 2 3 |  3.0
Fighting       | 4 |  4.1
Unarmed Combat | |  4.0

Action                   || total
-------------------------++-------
Melee: Unarmed           ||   127
       Tailslap          ||    15
       Punch             ||     2
  Use: Scroll            ||     4
 Stab: Sleeping          ||     2
  Eat: Fruit             ||     2
Armor: Skin              ||    47
Dodge: Dodged            ||   119
Block: Other             ||    13
